 Dungeon Crawl Stone Soup version 0.24-a0-434-gd57e52fea8 (webtiles) character file.

Game seed: 2899260061562652025

366 mhoghedin the Conjurer (level 6, 0/32 HPs)
             Began as a Deep Elf Conjurer on June 15, 2019.
             Slain by a gnoll (7 damage)
             ... on level 3 of the Dungeon.
             The game lasted 00:05:33 (3337 turns).

mhoghedin the Conjurer (Deep Elf Conjurer)          Turns: 3337, Time: 00:05:33

Health: 0/32       AC:  3    Str:  2 (5)  XL:     6   Next: 40%
Magic:  0/15       EV: 13    Int: 21 (22) God:
Gold:   165        SH:  0    Dex: 15      Spells: 4/14 levels left

rFire    . . .     SeeInvis .   n - +2 falchion (protect)
rCold    . . .     Gourm    .   (no shield)
rNeg     . . .     Faith    .   a - +0 robe
rPois    .         Spirit   .   (no helmet)
rElec    .         Reflect  .   m - +0 cloak
rCorr    .         Harm     .   (no gloves)
MR       .....                  (no boots)
Stlth    ++........             d - amulet of the acrobat
HPRegen  0.10/turn              (no ring)
MPRegen  0.14/turn              (no ring)

@: no status effects
A: no striking features
a: no special abilities


You were on level 3 of the Dungeon.
You were very hungry.

You visited 1 branch of the dungeon, and saw 4 of its levels.

You collected 165 gold pieces.

Inventory:

Hand Weapons
 n - a +2 falchion of protection (weapon)
   (You found it on level 4 of the Dungeon)
Armour
 a - a +0 robe (worn)
 m - a +0 cloak (worn)
   (You found it on level 2 of the Dungeon)
Jewellery
 d - an amulet of the acrobat (around neck)
   (You found it on level 4 of the Dungeon)
Wands
 k - a wand of enslavement (9)
   (You found it on level 2 of the Dungeon)
Scrolls
 f - a scroll of fog {unknown}
 g - a scroll of enchant armour {unknown}
 l - a scroll of enchant weapon {unknown}
 o - a scroll of teleportation
Potions
 b - a potion of invisibility {unknown}
 e - 2 potions of curing
 h - a potion of heal wounds
Comestibles
 c - 5 rations


   Skills:
 - Level 2.4 Dodging
 - Level 2.4 Stealth
 + Level 4.9 Spellcasting
 + Level 6.5 Conjurations
 + Level 4.8 Hexes


You had 4 spell levels left.
You knew the following spells:

 Your Spells              Type           Power        Failure   Level  Hunger
a - Magic Dart            Conj           ####         1%          1    None
b - Searing Ray           Conj           ####..       1%          2    None
c - Dazzling Spray        Conj/Hex       ####..       3%          3    ##.....
d - Fulminant Prism       Conj/Hex       ####......   11%         4    ####...

Your spell library contained the following spells:

 Spells                   Type           Power        Failure   Level  Hunger
 Iskenderun's Mystic Bla  Conj           ####....     8%          4    ####...
 Force Lance              Conj/Tloc      ###.....     28%         4    ####...


Dungeon Overview and Level Annotations

Branches:
Dungeon (4/15)
 Temple: D:4-7

Altars:
Dithmenos
Gozag
Ru

Annotations:
D:4 3 runed translucent doors, Defined's ghost, amateur GnSk


Message History

You conjure a prism of explosive energy!
You now have 1/13 mp.
Your fulminant prism crackles loudly.
You don't have enough magic to cast that spell.
The gnoll shaman calls upon its god to heal the gnoll.
The gnoll's wounds heal themselves!
The blast of energy engulfs the gnoll shaman!!
You kill the gnoll shaman!
You feel your intelligence returning.
You have reached level 6!
Your experience leads to an increase in your attributes!
Your base attributes are Str 5, Int 21, Dex 15.
Increase (S)trength, (I)ntelligence, or (D)exterity?
You feel clever.
You hear a shout!
You hear an angry hiss.
Health restored: 32 The gnoll completely misses you.
The gnoll completely misses you.
A gnoll comes into view. It is wielding a +0 halberd.
The gnoll completely misses you. The gnoll completely misses you.
The gnoll barely misses you.
There is a stone staircase leading up, spattered with blood here.
The gnoll is no longer moving quickly.
The gnoll hits you from afar with a +0 halberd!
You climb upwards.
There is a stone staircase leading down here.
You take 15 damage, and have 17/32 hp.
MASSIVE DAMAGE!!
You start resting.
Health restored: 32; MP restored: 14
There is a stone staircase leading down here.
You climb downwards.
Level annotation: 3 runed translucent doors, Defined's ghost, amateur GnSk
There is a stone staircase leading up here.
h - a potion of heal wounds A phantom comes into view.
A phantom is nearby!
The phantom blinks!
You conjure a prism of explosive energy!
You are feeling hungry.
You now have 10/14 mp.
Your fulminant prism crackles loudly.
You conjure a prism of explosive energy!
The blast of energy engulfs the phantom!!
The blast of energy engulfs your fulminant prism!
You hear a shout! x4
You now have 6/14 mp.
You conjure a prism of explosive energy!
You now have 2/14 mp.
You don't have enough magic to cast that spell.
Your fulminant prism crackles loudly.
The blast of energy engulfs the phantom!
You destroy the phantom!
You feel your dexterity returning.
You start resting.
A centaur skeleton comes into view.
A gnoll comes into view.
You regained 2 mp, and now have 4/15 mp.
There are monsters nearby!
The gnoll shouts!
A gnoll comes into view. It is wielding a +0 halberd.
The centaur skeleton hits you but does no damage.
You conjure a prism of explosive energy!
You are feeling very hungry.
The centaur skeleton barely misses you. The gnoll hits you but does no damage.
The centaur skeleton hits you.
You take 5 damage, and have 27/32 hp.
You now have 1/15 mp.
The centaur skeleton barely misses you.
You riposte.
You hit the centaur skeleton.
Your weapon exudes an aura of protection.
Your fulminant prism crackles loudly.
The centaur skeleton hits you but does no damage.
The blast of energy engulfs the gnoll!!
You kill the gnoll!
You hear a shout!
There is a stone staircase leading up here.
The centaur skeleton hits you but does no damage.
The gnoll misses you. The centaur skeleton hits you.
You climb upwards.
There is a stone staircase leading down here.
You take 1 damage, and have 26/32 hp.
You see here a stone.
Aim: a gnoll The magic dart hits the gnoll.
The gnoll hits you.
You take 5 damage, and have 22/32 hp.
You now have 2/15 mp.
Aim: a gnoll (moderately wounded)
The magic dart hits the gnoll.
The gnoll hits you but does no damage.
You now have 1/15 mp.
Aim: a gnoll (moderately wounded)
The magic dart hits the gnoll.
The gnoll hits you!
You take 7 damage, and have 15/32 hp.
MASSIVE DAMAGE!!
Aim: a gnoll (heavily wounded)
The magic dart hits the gnoll.
The gnoll hits you!
* * * LOW HITPOINT WARNING * * *
You take 8 damage, and have 7/32 hp.
MASSIVE DAMAGE!!
You now have 0/15 mp.
You barely miss the gnoll. The gnoll hits you!
You die...

#.#################
#.................#
#####.###############.#
#.............# #.#
#.###.#..####.#######.# #.#
#.#..##.........#.# #.#
#.#...#.....###.#.#
####.###.#.............#.#
#......#.#.....@.......#.#
#.######.#.....g.......#.#
##........#.....(.#+###.#.#
....#....#.....)..#.# #.#.#
##.......#..##....#'###.#.#
##.......#..............#.#
##.............#.#....###.#
................>#....# #.#
....#...........##....# #.#


You could see a gnoll.

Vanquished Creatures
  A phantom (D:4)
  An orc priest (D:4)
  A gnoll shaman (D:4)
  An orc wizard (D:4)
  8 adders
  3 gnolls (D:4)
  An ooze (D:1)
  4 worms
  2 dart slugs (D:1)
  A leopard gecko (D:3)
  8 orcs (D:4)
  A giant cockroach (D:1)
  4 goblins
  7 hobgoblins
  A jackal (D:4)
  7 kobolds
  3 quokkas
  7 bats
  3 frilled lizards
  7 rats
  A fulminant prism (D:4)
72 creatures vanquished.

Vanquished Creatures (others)
  9 fulminant prisms (D:4)
9 creatures vanquished.

Grand Total: 81 creatures vanquished

Notes
Turn   | Place    | Note
-------+----------+-------------------------------------------
     0 | D:1      | mhoghedin the Deep Elf Conjurer began the quest for the
                  | Orb.
     0 | D:1      | Reached XP level 1. HP: 10/10 MP: 6/6
   179 | D:1      | Reached XP level 2. HP: 15/15 MP: 5/8
   603 | D:1      | Reached skill level 4 in Spellcasting
   630 | D:1      | Learned a level 2 spell: Searing Ray
   819 | D:2      | Reached XP level 3. HP: 19/19 MP: 5/10
   831 | D:2      | Reached skill level 5 in Conjurations
   896 | D:2      | Learned a level 3 spell: Dazzling Spray
  1026 | D:2      | Reached skill level 1 in Hexes
  1531 | D:2      | Reached skill level 2 in Hexes
  1531 | D:2      | Reached XP level 4. HP: 24/24 MP: 7/12
  1618 | D:2      | Learned a level 4 spell: Fulminant Prism
  1786 | D:2      | Found an opulent altar of Gozag.
  1919 | D:2      | Found a shadowy altar of Dithmenos.
  1986 | D:3      | Reached skill level 3 in Hexes
  2194 | D:3      | Found a sacrificial altar of Ru.
  2445 | D:4      | Noticed a bullfrog
  2448 | D:4      | Reached XP level 5. HP: 28/28 MP: 3/13
  2450 | D:4      | Noticed Defined's ghost (amateur GnSk)
  2453 | D:4      | Noticed an ogre
  2518 | D:4      | Reached skill level 6 in Conjurations
  2521 | D:4      | Reached skill level 4 in Hexes
  2894 | D:4      | Found a runed translucent gate.
  2922 | D:4      | Found a runed translucent gate.
  2923 | D:4      | Found a runed translucent gate.
  3078 | D:4      | Reached XP level 6. HP: 32/32 MP: 2/14
  3336 | D:3      | HP: 7/32 [gnoll (8)]
  3337 | D:3      | Slain by a gnoll

Levels and vault maps discovered:
D:1:      wander_arrival_fairy_ring, layout_loops_cross
D:2:      layout_rooms, lemuel_coloured_pillars_altar, lemuel_doored_altar,
          first_ration
D:3:      layout_basic, overflow_temple_1_default
D:4:      layout_gridville, gammafunk_ghost_split, uniq_crazy_yiuf_cottage

Skill      XL: |  1  2  3  4  5 |
---------------+----------------+-----
Spellcasting   | 4 |  4.9
Conjurations   | 5 6 |  6.5
Hexes          | 2 3 4 |  4.8
Dodging        | |  2.4
Stealth        | |  2.4

Action                   |  1- 3 |  4- 6 || total
-------------------------+-------+-------++-------
Melee: Falchion          |       |     1 ||     1
 Cast: Magic Dart        |    73 |    74 ||   147
       Searing Ray       |     3 |       ||     3
       Dazzling Spray    |     2 |     1 ||     3
       Fulminant Prism   |       |    10 ||    10
  Use: Potion            |       |     4 ||     4
       Scroll            |       |     2 ||     2
  Eat: Ration            |     1 |     1 ||     2
       Chunk             |       |     1 ||     1
Armor: Robe              |     3 |     5 ||     8
Dodge: Dodged            |    16 |    20 ||    36
       Rpst.: Falchion   |       |     1 ||     1

Table legend:
 A = Non-vault XP
 B = Vault XP
 C = Vault XP percentage of total XP
 D = Non-vault monster count
 E = Vault monster count
 F = Vault count percentage of total count
                 A         B        C        D         E       F
            +---------+---------+-------+---------+---------+-------
      Total |     524 |       0 |   0.0 |      71 |       0 |   0.0
            +---------+---------+-------+---------+---------+-------
        D:1 |      39 |       0 |   0.0 |      18 |       0 |   0.0
        D:2 |     106 |       0 |   0.0 |      23 |       0 |   0.0
        D:3 |      46 |       0 |   0.0 |      12 |       0 |   0.0
        D:4 |     333 |       0 |   0.0 |      18 |       0 |   0.0
            +---------+---------+-------+---------+---------+-------

Levels and vault maps discovered:
D:1:      wander_arrival_fairy_ring, layout_loops_cross
D:2:      layout_rooms, lemuel_coloured_pillars_altar, lemuel_doored_altar,
          first_ration
D:3:      layout_basic, overflow_temple_1_default
D:4:      layout_gridville, gammafunk_ghost_split, uniq_crazy_yiuf_cottage

Table legend:
 A = Turns spent in this place as a percentage of turns spent in the entire game.
 B = Non-inter-level travel turns spent in this place as a percentage of non-inter-level travel turns spent in the entire game.
 C = Inter-level travel turns spent in this place as a percentage of turns spent in this place.
 D = Turns resting spent in this place as a percentage of non-inter-level travel turns spent in this place.
 E = Turns spent auto-exploring this place as a percentage of non-inter-level travel turns spent in this place.
 F = Non-inter-level travel turns spent in this place divided by the number of levels of this place that you've seen.
                   A       B       C       D       E      F
               +-------+-------+-------+-------+-------+----------------------
         Total | 100.0 | 100.0 |   3.8 |  41.9 |  44.8 | 802.5
       Dungeon | 100.0 | 100.0 |   3.8 |  41.9 |  44.8 | 802.5
               +-------+-------+-------+-------+-------+----------------------

Table legend:
 A = Kills in this place as a percentage of kills in entire the game.
 B = Kills by you in this place as a percentage of kills by you in the entire game.
 C = Kills by friends in this place as a percentage of kills by friends in the entire game.
 D = Other kills in this place as a percentage of other kills in the entire game.
 E = Experience gained in this place as a percentage of experience gained in the entire game.
 F = Experience gained in this place divided by the number of levels of this place that you have seen.
                   A       B       C       D       E      F
               +-------+-------+-------+-------+-------+----------------------
         Total | 100.0 | 100.0 |   N/A |   N/A | 100.0 | 131.0
       Dungeon | 100.0 | 100.0 |   N/A |   N/A | 100.0 | 131.0
               +-------+-------+-------+-------+-------+----------------------
